 Dungeon Crawl Stone Soup version 0.31.0-11-ge490571c62 (webtiles) character file.

Game seed: 2484085081486744681

569 qw the Ducker (level 7, -2/35 HPs)
             Began as a Spriggan Hunter on Feb 5, 2024.
             Incinerated by a bombardier beetle (3 damage)
             ... with a burning spray
             ... on level 5 of the Dungeon.
             The game lasted 00:00:18 (3574 turns).

qw the Ducker (Spriggan Hunter)                     Turns: 3574, Time: 00:00:18

Health: -2/35      AC:  2    Str:  7    XL:     7   Next: 11%
Magic:  8/8        EV: 24    Int: 10    God:
Gold:   248        SH:  5    Dex: 26    Spells: 6/6 levels left

rFire   . . .        a - +2 shortbow
rCold   . . .        (shield currently unavailable)
rNeg    . . .        c - +0 robe
rPois   .            (helmet restricted)
rElec   .            (no cloak)
rCorr   .            (gloves unavailable)
SInv    +            (boots unavailable)
Will    +....        h - amulet of Gikomeoz {Reflect Dex+5 Slay+2 SH+5}
Stlth   +            (no ring)
HPRegen 0.25/turn    (no ring)
MPRegen 0.11/turn

%: reflection
@: on fire, glowing, very quick
A: very small, no large weapons, unfitting armour, see invisible, speed 3
a: no special abilities


You were on level 5 of the Dungeon.
You visited 2 branches of the dungeon, and saw 6 of its levels.

You collected 274 gold pieces.
You spent 26 gold pieces at shops.


Innate Abilities, Weirdness & Mutations

You are very small and have problems with some larger weapons.
You are too small for most types of armour.
You have supernaturally acute eyesight. (SInv)
You cover ground extremely quickly. (Speed+++)


   Skills:
 - Level 2.0 Fighting
 + Level 6.7 Ranged Weapons
 - Level 7.2 Dodging
 - Level 1.5 Stealth


You had 6 spell levels left.
You didn't know any spells.
Your spell library was empty.

Inventory:

Hand Weapons
 a - a +2 shortbow (weapon)
Armour
 c - a +0 robe (worn)
Jewellery
 f - a ring of ice
 h - the amulet of Gikomeoz (around neck) {Reflect Dex+5 Slay+2 SH+5}
   (You acquired it on level 1 of the Dungeon)

   [amulet of reflection]

   Reflect:   It reflects blocked missile attacks.
   Dex+5:     It affects your dexterity (+5).
   Slay+2:    It affects your accuracy & damage with ranged weapons and melee
   (+2).
   SH+5:      It affects your SH (+5).
Wands
 b - a wand of flame (21)
 d - a wand of charming (9)
Scrolls
 j - a scroll of identify
 o - a scroll of enchant armour
Potions
 e - 4 potions of enlightenment
 g - a potion of haste
 i - a potion of curing
 k - 2 potions of mutation
 l - a potion of brilliance {unknown}

Dungeon Overview and Level Annotations

Branches:
Dungeon (5/15)             Temple (1/1) D:4

Altars:
Ashenzari
Cheibriados
Dithmenos
Elyvilon
Gozag
Hepliaklqana
Kikubaaqudgha
Makhleb
Ru
Sif Muna
Trog
Wu Jian
Xom
Yredelemnul
The Shining One

Shops:
D:3 ?

Annotations:
D:3 3 runed translucent doors, qw's ghost, amateur SpHu


Message History

You shoot an arrow. The arrow hits the adder!
You kill the adder!
j - a scroll of identify You see here a +0 leather armour.
l - a glowing brown potion
Found a dagger.
You see here a +0 dagger.
You open the door.
There is an open door here.
Found a scale mail.
A bombardier beetle comes into view.
You shoot an arrow.
The arrow completely misses the bombardier beetle.
You shoot an arrow. The arrow hits the bombardier beetle!
The bombardier beetle is severely wounded.
The bombardier beetle sprays incendiary fluid at you.
The burning spray hits you.
You are covered in liquid fire!
You shoot an arrow. The arrow hits the bombardier beetle!
You kill the bombardier beetle!
The liquid fire burns you!
You are on fire!
The liquid fire burns you!
You are on fire!
The liquid fire burns you!
You are on fire!
The liquid fire burns you!
You are on fire!
The liquid fire burns you!
You are on fire!
The liquid fire burns you!
You are on fire!
The liquid fire burns you!
You are on fire!
The liquid fire burns you!
You are on fire!
The liquid fire burns you!
You are on fire!
The liquid fire burns you!
You die...

........###................[
..................#.....####
...#..............#.......#
....................##....#
...########...########....#
....... .. #######....#
..##### ### #..........# ###
.....##..........#
.......@.....#####
.####........# #.#......#
#%#......# # #......#
###+####


There were no monsters in sight!

Vanquished Creatures
  3 bombardier beetles
  3 orc priests
  2 iguanas (D:4)
  Jessica (D:2)
  Terence (D:2)
  Robin (D:2)
  7 gnolls
  11 adders
  A ribbon worm (D:2)
  7 orcs
  2 ball pythons
  2 bats
  8 endoplasms
  11 giant cockroaches
  14 goblins
  10 hobgoblins
  9 quokkas
  3 frilled lizards (D:2)
  6 kobolds
  4 rats
106 creatures vanquished.

Notes
Turn   | Place    | Note
-------+----------+-------------------------------------------
     0 | D:1      | qw the Spriggan Hunter began the quest for the Orb.
     0 | D:1      | Reached XP level 1. HP: 10/10 MP: 2/2
     0 | D:1      | 0 ||| qw: Version: 0.3-a-160-g6735b56
     0 | D:1      | 0 ||| qw: Game counter: 6132
     0 | D:1      | 0 ||| qw: Melee chars always use a shield: true
     0 | D:1      | 0 ||| qw: God list: Okawaru
     0 | D:1      | 0 ||| qw: Allow faded altars: false
     0 | D:1      | 0 ||| qw: Do Orc after clearing Dungeon:15 true
     0 | D:1      | 0 ||| qw: Do second Lair branch before Depths: true
     0 | D:1      | 0 ||| qw: Lair rune preference: random
     0 | D:1      | 0 ||| qw: Goals: Normal
     0 | D:1      | 0 ||| PLANNING D:1-11
    82 | D:1      | Reached skill level 3 in Dodging
   379 | D:1      | Reached XP level 2. HP: 11/14 MP: 3/3
   630 | D:1      | Reached skill level 4 in Dodging
   754 | D:1      | 754 ||| READING scroll labelled XOOMAM BAKK.
   754 | D:1      | 754 ||| ENCHANTING +0 shortbow.
   755 | D:1      | 755 ||| READING scroll labelled XEMOIRGH LIANUR.
   755 | D:1      | Identified a scroll of acquirement
   755 | D:1      | 755 ||| ACQUIRING amulet of Gikomeoz {Reflect Dex+5 Slay+2
                  | SH+5}
   755 | D:1      | Acquired the amulet of Gikomeoz {Reflect Dex+5 Slay+2 SH+5}
   757 | D:1      | 757 ||| UPGRADING to amulet of Gikomeoz {Reflect Dex+5
                  | Slay+2 SH+5}.
   762 | D:1      | 762 ||| DRINKING 3 purple potions.
   763 | D:1      | 763 ||| DRINKING 2 bubbling puce potions.
   764 | D:1      | 764 ||| DROPPING scroll of butterflies.
   791 | D:2      | Noticed Jessica
   792 | D:2      | Killed Jessica
   793 | D:2      | Reached skill level 5 in Dodging
   793 | D:2      | Reached XP level 3. HP: 18/18 MP: 4/4
   913 | D:2      | Found a bloodstained altar of Trog.
   926 | D:2      | Noticed Robin
   944 | D:2      | HP: 3/18 [goblin/+0 dagger[Robin] (4)]
   952 | D:2      | Killed Robin
   953 | D:2      | Reached XP level 4. HP: 7/22 MP: 5/5
  1123 | D:2      | Noticed Terence
  1128 | D:2      | Killed Terence
  1466 | D:2      | 1466 ||| DROPPING ring of flight.
  1467 | D:2      | 1467 ||| READING 2 scrolls labelled KUICRI HIUNUER.
  1468 | D:2      | 1468 ||| READING scroll labelled VOAL VEETHREUQE.
  1469 | D:2      | 1469 ||| READING scroll labelled BIELLA XUATU.
  1469 | D:2      | 1469 ||| IDENTIFYING coppery potion
  1470 | D:2      | 1470 ||| READING 2 scrolls labelled BAOVVARAIB.
  1470 | D:2      | 1470 ||| ENCHANTING +1 shortbow.
  1471 | D:2      | 1471 ||| READING scroll labelled NERGHI SUIK.
  1472 | D:2      | 1472 ||| DRINKING 3 ruby potions.
  1473 | D:2      | 1473 ||| DRINKING 3 fuming purple potions.
  1474 | D:2      | 1474 ||| DROPPING scroll of blinking.
  1475 | D:2      | 1475 ||| DROPPING potion of degeneration.
  1476 | D:2      | 1476 ||| DROPPING 2 potions of attraction.
  1477 | D:2      | 1477 ||| DROPPING 2 potions of invisibility.
  1631 | D:3      | Reached XP level 5. HP: 25/25 MP: 6/6
  1661 | D:3      | Reached skill level 6 in Dodging
  1685 | D:3      | Found a faded altar of an unknown god.
  1846 | D:3      | Identified the +2 quarterstaff of Zeigy {speed, +Blink rF+
                  | Str+2 Dex-4}
  1853 | D:3      | Found a runed translucent gate.
  1854 | D:3      | Found a runed translucent gate.
  1854 | D:3      | Found a runed translucent gate.
  1856 | D:3      | Noticed qw's ghost (amateur SpHu)
  1926 | D:3      | Found Boepenox's Magic Scroll Shoppe.
  1934 | D:3      | 1934 ||| BUYING scroll of identify (26 gold).
  1934 | D:3      | Bought a scroll of identify for 26 gold pieces
  2166 | D:3      | Reached XP level 6. HP: 30/30 MP: 7/7
  2397 | D:3      | 2397 ||| READING 3 scrolls of identify.
  2397 | D:3      | 2397 ||| IDENTIFYING red potion
  2398 | D:3      | 2398 ||| READING 2 scrolls of identify.
  2398 | D:3      | 2398 ||| IDENTIFYING murky yellow potion
  2399 | D:3      | 2399 ||| READING scroll of identify.
  2399 | D:3      | 2399 ||| IDENTIFYING 2 smoky amethyst potions
  2400 | D:3      | 2400 ||| READING scroll labelled RYNWIEXUHO.
  2401 | D:3      | 2401 ||| DROPPING potion of lignification.
  2486 | D:4      | Reached skill level 6 in Ranged Weapons
  2488 | D:4      | 2488 ||| FLEEEEING.
  2499 | D:4      | 2499 ||| FLEEEEING.
  2500 | D:4      | 2500 ||| FLEEEEING.
  2501 | D:4      | 2501 ||| FLEEEEING.
  2502 | D:4      | 2502 ||| FLEEEEING.
  2503 | D:4      | 2503 ||| FLEEEEING.
  2504 | D:4      | 2504 ||| FLEEEEING.
  2505 | D:4      | 2505 ||| FLEEEEING.
  2506 | D:4      | 2506 ||| FLEEEEING.
  2507 | D:4      | 2507 ||| FLEEEEING.
  2509 | D:4      | 2509 ||| FLEEEEING.
  2510 | D:4      | 2510 ||| FLEEEEING.
  2512 | D:4      | 2512 ||| FLEEEEING.
  2513 | D:4      | 2513 ||| FLEEEEING.
  2514 | D:4      | 2514 ||| FLEEEEING.
  2520 | D:4      | 2520 ||| FLEEEEING.
  2521 | D:4      | 2521 ||| FLEEEEING.
  2522 | D:4      | 2522 ||| FLEEEEING.
  2524 | D:4      | 2524 ||| FLEEEEING.
  2525 | D:4      | 2525 ||| FLEEEEING.
  2526 | D:4      | 2526 ||| FLEEEEING.
  2527 | D:4      | 2527 ||| FLEEEEING.
  2528 | D:4      | 2528 ||| FLEEEEING.
  2529 | D:4      | 2529 ||| FLEEEEING.
  2530 | D:4      | 2530 ||| FLEEEEING.
  2531 | D:4      | 2531 ||| FLEEEEING.
  2532 | D:4      | 2532 ||| FLEEEEING.
  2533 | D:4      | 2533 ||| FLEEEEING.
  2534 | D:4      | 2534 ||| FLEEEEING.
  2535 | D:4      | 2535 ||| FLEEEEING.
  2537 | D:4      | 2537 ||| STAIRDANCE
  2850 | D:4      | Reached skill level 7 in Dodging
  2968 | D:4      | Found a staircase to the Ecumenical Temple.
  2969 | D:4      | 2969 ||| PLANNING TEMPLE
  2974 | Temple   | Entered the Ecumenical Temple
  2975 | Temple   | 2975 ||| PLANNING D:1-11
  3329 | D:4      | Reached XP level 7. HP: 35/35 MP: 8/8
  3363 | D:4      | 3363 ||| READING scroll labelled XEBAIMOZUL.
  3366 | D:4      | 3366 ||| READING scroll labelled GEOCUGYFYE.
  3368 | D:4      | 3368 ||| Stepping ~*~*~tactically~*~*~ (cloud).
  3466 | D:5      | Entered Level 5 of the Dungeon
  3472 | D:5      | 3472 ||| READING scroll of enchant weapon.
  3472 | D:5      | 3472 ||| ENCHANTING +1 shortbow.
  3571 | D:5      | HP: 6/35 [burnt (5)]
  3573 | D:5      | HP: 1/35 [burnt (3)]
  3574 | D:5      | Incinerated by a bombardier beetle

Levels and vault maps discovered:
D:1:      dpeg_arrival_round_b, layout_basic
D:2:      layout_basic, basic_altar, minmay_pentomino_z2, uniq_jessica,
          uniq_robin, uniq_terence
D:3:      minmay_roachtagon, layout_basic, ebering_ghost_rock_garden,
          shapermc_ecumenical_altar_mp_urbaneastern, serial_shops,
          nicolae_shop_trees, amethyst_killhole
D:4:      layout_basic, minmay_temple_entry_arrows, minmay_increasing_density
D:5:      layout_basic, nicolae_overflow_hidden_temple
Temple:   hellmonk_temple_of_storms

Skill      XL: |  1  2  3  4  5  6 |
---------------+-------------------+-----
Dodging        | 3 5 6 7 |  7.2
Ranged Weapons | 5 6 |  6.7
Fighting       | 2 |  2.0
Stealth        | |  1.5

Action                     |  1- 3 |  4- 6 |  7- 9 || total
---------------------------+-------+-------+-------++-------
   Fire: Shortbow          |    92 |   192 |     9 ||   293
    Use: Scroll            |     2 |     9 |     3 ||    14
         Potion            |     2 |     2 |       ||     4
 Armour: Robe              |    14 |    15 |       ||    29
  Dodge: Dodged            |    66 |    47 |     2 ||   115
  Block: Other             |     5 |    15 |       ||    20
         Reflection        |       |     1 |       ||     1

Table legend:
 A = Non-vault XP
 B = Vault XP
 C = Vault XP percentage of total XP
 D = Non-vault monster count
 E = Vault monster count
 F = Vault count percentage of total count
                 A         B        C        D         E       F
            +---------+---------+-------+---------+---------+-------
      Total |     618 |     196 |  24.1 |      75 |      31 |  29.2
            +---------+---------+-------+---------+---------+-------
        D:1 |      18 |       0 |   0.0 |      11 |       0 |   0.0
        D:2 |      26 |     105 |  80.2 |      14 |      14 |  50.0
        D:3 |     216 |      20 |   8.5 |      22 |      10 |  31.2
        D:4 |     290 |      71 |  19.7 |      25 |       7 |  21.9
        D:5 |      68 |       0 |   0.0 |       3 |       0 |   0.0
            +---------+---------+-------+---------+---------+-------
